Map: Kairos Junction LE

Players

Spazymazy - Winner!

  • Race: Zerg Zerg
  • Spawn Location: 11:00

IndyKNerazim

  • Race: Protoss Protoss
  • Spawn Location: 5:00

Event: 2019 WCS Summer

VOD

Have the link to the VOD?

Description

Time

  • Played on: July 12, 2019, 10:01 a.m.
  • Length: 5:16

All games in this series

Show
View Real Time Build Order
Export as new Build Order

Spazymazy Zerg - Winner!

Build Orders: Pool First 

Get SALT Encoding   

  12  0:00  Drone  
  13  0:12  Overlord  
  13  0:17  Drone  
  14  0:30  Drone x2  
  16  0:40  Spawning Pool  
  15  0:45  Drone  
  15  0:48  Drone  
  17  1:11  Drone  
  17  1:14  Extractor  
  17  1:18  Hatchery  
  16  1:27  Zergling x4  
  16  1:28  Zergling x2  
  16  1:32  Queen  
  21  1:40  Overlord  
  21  1:51  Drone  
  22  2:08  Queen  
  22  2:11  Drone  
  25  2:18  Drone  
  25  2:19  Metabolic Boost  
  25  2:27  Drone  
  24  2:39  Hatchery  
  24  2:41  Drone  
  24  2:47  Drone x2  
  26  2:53  Overlord  
  26  2:57  Zergling x2  
  27  3:02  Zergling x4  
  27  3:04  Zergling x2  
  30  3:08  Zergling x2  
  30  3:09  Zergling x2  
  32  3:13  Zergling x2  
  32  3:17  Zergling x4  
  35  3:22  Overlord  
  35  3:25  Zergling x2  
  36  3:28  Zergling x2  
  36  3:33  Zergling x4  
  39  3:38  Zergling x4  
  40  3:42  Zergling x4  
  40  3:47  Zergling x2  
  43  3:52  Zergling x2  
  43  3:53  Zergling x2  
  44  3:56  Zergling x6  
  44  3:59  Zergling x2  
  46  4:03  Zergling x2  
  46  4:04  Zergling x2  
  46  4:09  Zergling x2  
  50  4:10  Zergling x2  
  50  4:14  Zergling x4  
  52  4:18  Zergling x4  
  52  4:22  Zergling x2  
  52  4:27  Zergling x6  
  52  4:32  Zergling x4  
  52  4:36  Zergling x2  
  51  4:40  Zergling x4  
  51  4:43  Zergling x2  
  52  4:46  Zergling x4  
  52  4:49  Zergling x2  
  52  4:54  Zergling x2  
  52  4:57  Zergling x4  
Show
View Real Time Build Order
Export as new Build Order

IndyKNerazim Protoss 

Build Orders:  

Get SALT Encoding   

  12  0:00  Probe  
  13  0:12  Probe  
  14  0:18  Pylon  
  14  0:25  Probe  
  15  0:34  Probe  
  15  0:39  Gateway  
  15  0:42  Probe  
  16  0:48  Assimilator  
  17  0:51  Probe  
  18  1:03  Probe  
  19  1:08  Pylon  
  19  1:13  Pylon  
  19  1:15  Probe  
  20  1:28  Zealot  
  20  1:29  Cybernetics Core  
  23  1:37  Probe  
  23  1:55  Nexus  
  23  1:58  Probe  
  23  2:00  Adept  
  24  2:04  Assimilator  
  26  2:22  Robotics Facility  
  20  2:34  Pylon  
  19  2:38  Probe  
  20  2:46  Probe  
  21  2:55  Probe  
  21  2:56  Adept  
  23  3:03  Probe  
  24  3:08  Probe  
  24  3:11  Probe  
  27  3:20  Probe  
  27  3:22  Probe  
  29  3:42  Cybernetics Core  
  29  3:43  Immortal  
  29  3:46  Sentry  
  33  3:50  Shield Battery  
  33  3:57  Gateway  
  33  4:02  Pylon  
  33  4:12  Gateway  
  33  4:20  Shield Battery  
  33  4:23  Shield Battery  
  33  4:31  Pylon  
  33  4:32  Shield Battery  
  33  4:39  Shield Battery  
  31  4:47  Pylon  
  31  4:49  Pylon  
  31  4:52  Pylon  
  31  4:58  Probe  
Tags
 
Add a new tag
Caveats
  • Supply blocks, unpowered buildings, or Contaminate may cause inaccurate times.
  • Supply counts are checked every 10 seconds.